 Dungeon Crawl Stone Soup version 0.30.1-11-g7821555f0a (webtiles) character file.

Game seed: 18430362900591057518

70 sorakito the Conjurer (level 4, -3/14 (28) HPs)
             Began as a Gargoyle Reaver on Jan 4, 2024.
             Was an Initiate of Qazlal.
             Slain by ripuliukko's ghost (5 damage)
             ... on level 3 of the Dungeon.
             The game lasted 00:12:47 (1402 turns).

sorakito the Conjurer (Gargoyle Reaver)             Turns: 1402, Time: 00:12:48

HP:   -3/14 (28)    AC:  6    Str: 18    XL:     4   Next: 21%
MP:   7/7           EV: 11    Int: 13    God:    Qazlal [......]
Gold: 60            SH:  0    Dex:  8    Spells: 7/8 levels left

rFire   . . .        e - +3 short sword (venom)
rCold   . . .        h - orb {mayhem}
rNeg    + . .        b - +0 leather armour
rPois   ∞            (no helmet)
rElec   +            (no cloak)
rCorr   .            (no gloves)
SInv    .            (no boots)
Will    .....        (no amulet)
Stlth   +            (no ring)
HPRegen 0.22/turn    (no ring)
MPRegen 0.10/turn

%: mayhem
@: extremely drained
A: sickness immunity, AC +3, negative energy resistance 1, electricity
resistance, torment resistance 1, petrification resistance
a: Renounce Religion


You were on level 3 of the Dungeon.
You worshipped Qazlal.
Qazlal was noncommittal.
You visited 1 branch of the dungeon, and saw 3 of its levels.

You collected 60 gold pieces.

Inventory:

Hand Weapons
 a - a +0 mace
 e - a +3 short sword of venom (weapon)
Armour
 b - a +0 leather armour (worn)
 h - an orb of mayhem (worn)
Scrolls
 c - a scroll of vulnerability {unknown}
 d - a scroll of poison {unknown}
 f - a scroll of fog {unknown}
 g - 2 scrolls of summoning {unknown}
 i - a scroll of enchant armour {unknown}
 j - 2 scrolls of noise {unknown}
 k - a scroll of identify {unknown}


   Skills:
 * Level 3.0 Fighting
 - Level 3.2 Maces & Flails
 + Level 1.8 Dodging
 * Level 0.8 Unarmed Combat
 * Level 2.6 Spellcasting
 * Level 3.7 Conjurations


You had 7 spell levels left.
You knew the following spells:

 Your Spells              Type           Power      Damage    Failure   Level
a - Kiss of Death         Conj/Necr      24%        2d7       13%         1

Your spell library contained the following spells:

 Spells                   Type           Power      Damage    Failure   Level
 Momentum Strike          Conj/Tloc      12%        3d8       21%         2
 Hailstorm                Conj/Ice       6%         3d4       36%         3


Dungeon Overview and Level Annotations

Branches:
Dungeon (3/15)

Altars:
Qazlal

Annotations:
D:3 Slyspawn's ghost, amateur FoHu; ripuliukko's ghost, novice GrEE


Innate Abilities, Weirdness & Mutations

You are immune to sickness and miasma.
Your stone body is resilient. (AC +3)
You are immune to poison.
You resist negative energy. (rN+)
You are resistant to electric shocks. (rElec)
You are resistant to unholy torment.
You are immune to petrification.


Message History

The giant cockroach is severely wounded.
The giant cockroach barely misses you.
You closely miss the giant cockroach.
The giant cockroach is severely wounded.
The giant cockroach misses you.
You hit the giant cockroach.
You kill the giant cockroach!
Qazlal accepts your kill.
Found a scroll labelled TISYPR BILLUFE.
You open the door.
There is an open door here.
As you open the door, it creaks loudly!
There is an open door here.
Found a stone staircase leading down.
A bat comes into view.
Found a runed translucent gate.
The bat closely misses you.
You hit the bat.
You kill the bat!
Qazlal accepts your kill.
Found 23 gold pieces.
Slyspawn's ghost turns its malevolent gaze towards you.
Ripuliukko's ghost turns its malevolent gaze towards you.
Slyspawn's ghost lets out a mournful wail.
Slyspawn's ghost hits something!
Slyspawn's ghost hits something!
Found 21 gold pieces.
You open the gate.
Slyspawn's ghost attacks as you move away!
Slyspawn's ghost closely misses you.
Ripuliukko's ghost attacks as you move away!
Ripuliukko's ghost hits you.
Ripuliukko's ghost shouts, "What do you have that I didn't have?"
Ripuliukko's ghost attacks as you move away!
Ripuliukko's ghost hits you. Ripuliukko's ghost hits you!
Ouch! That really hurt!
* * * LOW HITPOINT WARNING * * *
Ripuliukko's ghost attacks as you move away!
Ripuliukko's ghost hits you.
You die...

#.#..........#...#
#.########...>.#
#.# #..#.## #.#
#..# # #.# #..#
#.# #..# #.#
######..#
######.......#
##$P⌠.#...@#.##
#8....#..WW+..#
$.....#....####
P.....'....#
⌠.....'...##
P.....'..##
......#..#
#8....#..#
##$P⌠P####


You could see Slyspawn's ghost and ripuliukko's ghost.

Vanquished Creatures
  2 adders (D:2)
  3 endoplasms
  2 giant cockroaches
  8 hobgoblins
  7 jackals (D:2)
  2 kobolds
  4 quokkas
  2 ball pythons
  7 bats
  2 frilled lizards
  A goblin (D:1)
  5 rats
45 creatures vanquished.

Notes
Turn   | Place    | Note
-------+----------+-------------------------------------------
     0 | D:1      | sorakito the Gargoyle Reaver began the quest for the Orb.
     0 | D:1      | Reached XP level 1. HP: 12/12 MP: 3/3
   216 | D:1      | Reached XP level 2. HP: 15/18 MP: 5/5
   681 | D:2      | Reached XP level 3. HP: 10/16 MP: 4/6
   832 | D:2      | Found a stormy altar of Qazlal.
   929 | D:2      | Reached XP level 4. HP: 5/14 MP: 7/7
  1091 | D:2      | Became a worshipper of Qazlal Stormbringer
  1350 | D:3      | Found a runed translucent gate.
  1352 | D:3      | Found a runed translucent gate.
  1352 | D:3      | Found a runed translucent gate.
  1355 | D:3      | Noticed Slyspawn's ghost (amateur FoHu)
  1355 | D:3      | Noticed ripuliukko's ghost (novice GrEE)
  1402 | D:3      | Slain by ripuliukko's ghost

Illustrated notes

Levels and vault maps discovered:
D:1:      spicycebolla_arrival_ecumenical, layout_loops_corners
D:2:      layout_loops_ring, basic_altar, kennysheep_flooded_box
D:3:      layout_basic, gammafunk_ghost_cemetery

Skill      XL: |  1  2  3 |
---------------+----------+-----
Fighting       | 3 |  3.0
Maces & Flails | |  3.2
Dodging        | |  1.8
Unarmed Combat | |  0.8
Spellcasting   | |  2.6
Conjurations   | |  3.7

Action                     |  1- 3 |  4- 6 || total
---------------------------+-------+-------++-------
  Melee: Mace              |    18 |       ||    18
         Short sword       |    82 |    12 ||    94
   Cast: Kiss of Death     |     5 |       ||     5
 Armour: Leather armour    |    59 |       ||    59
  Dodge: Dodged            |    71 |     8 ||    79
